 Dungeon Crawl Stone Soup version 0.31-a0-75-g6fe912e8c5 (webtiles) character file.

Game seed: 9955234390372765667

132 lunkers the Grasshopper (level 5, -13/40 HPs)
             Began as a Meteoran Wanderer on May 23, 2023.
             Mangled by an ogre
             ... wielding a +0 giant club
              (25 damage)
             ... on level 4 of the Dungeon.
             The game lasted 00:05:19 (908 turns).

lunkers the Grasshopper (Meteoran Wanderer)          Turns: 908, Time: 00:05:20

Health: -13/40     AC:  3    Str: 13    XL:     5   Next: 66%
Magic:  3/12       EV: 11    Int: 19    God:
Gold:   56         SH:  0    Dex: 10    Spells: 7/12 levels left

rFire   . . .        a - +0 club
rCold   . . .        (no shield)
rNeg    . . .        c - +0 robe
rPois   .            (no helmet)
rElec   .            (no cloak)
rCorr   .            f - +0 pair of gloves
SInv    .            (no boots)
Will    .....        (no amulet)
Stlth   +            (no ring)
HPRegen 0.26/turn    (no ring)
MPRegen 0.13/turn

%: no passive effects
@: glowing
A: sense surroundings 1, otherworldly, glowing, explore regen
a: no special abilities


You were on level 4 of the Dungeon.
You visited 1 branch of the dungeon, and saw 4 of its levels.

You collected 56 gold pieces.

Inventory:

Hand Weapons
 a - a +0 club (weapon)
Armour
 c - a +0 robe (worn)
 f - a +0 pair of gloves (worn)
Scrolls
 e - a scroll of summoning {unknown}
 g - 2 scrolls of teleportation {unknown}
 h - a scroll of fear {unknown}
 i - a scroll of blinking {unknown}
 k - a scroll of silence {unknown}
 l - a scroll of enchant armour {unknown}
 m - a scroll of vulnerability {unknown}
Potions
 b - a potion of heal wounds
 d - a potion of mutation
 j - a potion of curing {unknown}


   Skills:
 - Level 1.1 Fighting
 - Level 1.2 Dodging
 - Level 1.0 Stealth
 * Level 4.2 Spellcasting
 + Level 2.5 Conjurations
 - Level 6.0 Translocations
 + Level 3.0 Fire Magic


You had 7 spell levels left.
You knew the following spells:

 Your Spells              Type           Power      Damage    Failure   Level
b - Foxfire               Conj/Fire      48%        2x1d6     5%          1
c - Volatile Blastmotes   Fire/Tloc      38%        2d13      8%          3
p - Apportation           Tloc           52%        N/A       1%          1

Your spell library contained the following spells:

 Spells                   Type           Power      Damage    Failure   Level
 Magic Dart               Conj           52%        1d5       4%          1
 Momentum Strike          Conj/Tloc      36%        3d9       4%          2
 Portal Projectile        Hex/Tloc       26%        N/A       14%         3
 Call Imp                 Summ           6%         N/A       21%         2
 Mephitic Cloud           Conj/Pois/Air  4%         N/A       36%         3


Dungeon Overview and Level Annotations

Branches:
Dungeon (4/15) Zot: 1474
 Temple: D:4-7

Altars:
Xom
Zin


Innate Abilities, Weirdness & Mutations

You passively map a small area around you.
You are easily found by Zot.
You glow in the dark.
You regain HP and MP as you explore.


Message History

Press: ? - help, Q - select action, (/) - cycle Dir - look around, f - activate You conjure some foxfire!
The foxfire hits the ogre.
The ogre is lightly wounded.
The foxfire hits the ogre.
The ogre is moderately wounded.
The ogre hits you with a +0 giant club!!
Ouch! That really hurt!
* * * LOW HITPOINT WARNING * * *
Unknown command.
Casting: Foxfire (safe; 5% risk of failure)
Press: ? - help, Q - select action, (/) - cycle Dir - look around, f - activate You conjure some foxfire!
The foxfire hits the ogre.
The ogre is heavily wounded.
The foxfire hits the ogre.
The ogre is heavily wounded.
Unknown command.
Unknown command.
Unknown command.
Casting: Foxfire (safe; 5% risk of failure)
Press: ? - help, Q - select action, (/) - cycle Dir - look around, f - activate You conjure some foxfire!
The foxfire hits the ogre.
The ogre is heavily wounded.
The ogre hits you with a +0 giant club!
* * * LOW HITPOINT WARNING * * *
Unknown command.
Casting: Foxfire (safe; 5% risk of failure)
Press: ? - help, Q - select action, (/) - cycle Dir - look around, f - activate You conjure some foxfire!
The foxfire hits the ogre.
The ogre is heavily wounded.
The foxfire hits the ogre.
The ogre is severely wounded.
The foxfire hits the ogre.
The ogre is severely wounded.
The ogre hits you with a +0 giant club!!
Ouch! That really hurt!
You die...

...#.##.....###### *
,
..,+.......[.....##
, .
#.##.#######..(#####
, *#
#####...##.##...## *
#.8.8.#.#.8.8.# ,
#.._..#.#.._..# *
#.8...#.#...8.#, , ,
* #...'#.#'...#* , ,
, *#§@O#** ,
.......v⌠v.......,
..#####.§.#####.. ,
+#.#+ , , ,#.# , **
, , , , #.#,,_ , *
,,, #.# * * * * , *
#.# ,, * ,


You could see an ogre (ally target).

Vanquished Creatures
  A howler monkey (D:4)
  A hound (D:4)
  2 adders
  4 dart slugs
  An orc (D:3)
  4 ball pythons
  A bat (D:1)
  3 endoplasms (D:1)
  3 giant cockroaches
  2 goblins (D:3)
  5 hobgoblins
  3 kobolds (D:3)
  2 quokkas
  2 frilled lizards
  3 rats (D:1)
37 creatures vanquished.

Vanquished Creatures (collateral kills)
  2 foxfires (D:1)
2 creatures vanquished.

Vanquished Creatures (others)
  111 foxfires
111 creatures vanquished.

Grand Total: 150 creatures vanquished

Notes
Turn   | Place    | Note
-------+----------+-------------------------------------------
     0 | D:1      | lunkers the Meteoran Wanderer began the quest for the Orb.
     0 | D:1      | lunkers set off with the following items: a +0 club, a
                  | potion of heal wounds, a +0 robe, a potion of mutation; and
                  | the following spells available to memorise: Apportation,
                  | Momentum Strike, Foxfire, Volatile Blastmotes, Portal
                  | Projectile.
     0 | D:1      | Reached XP level 1. HP: 16/16 MP: 3/3
     2 | D:1      | Learned a level 1 spell: Apportation
     4 | D:1      | Learned a level 1 spell: Foxfire
    67 | D:1      | Found a faded altar of an unknown god.
   171 | D:1      | Reached XP level 2. HP: 22/23 MP: 5/5
   250 | D:1      | Reached skill level 1 in Conjurations
   305 | D:1      | Reached XP level 3. HP: 27/28 MP: 2/7
   658 | D:3      | Learned a level 3 spell: Volatile Blastmotes
   719 | D:3      | Reached XP level 4. HP: 31/35 MP: 6/9
   801 | D:3      | HP: 1/35 [poisoned by an adder]
   879 | D:4      | Reached XP level 5. HP: 38/40 MP: 7/11
   894 | D:4      | Found a shimmering altar of Xom.
   902 | D:4      | Found a glowing silver altar of Zin.
   902 | D:4      | Noticed an ogre
   908 | D:4      | Mangled by an ogre

Illustrated notes

Levels and vault maps discovered:
D:1:      dpeg_arrival_long_road, layout_basic,
          shapermc_ecumenical_altar_mp_ritualfount
D:2:      layout_loops_corners
D:3:      minmay_evil_eye, layout_basic, lightli_sewer_entry_pipes
D:4:      layout_basic, grunt_temple_overflow_cloverleaf, temple_green,
          serial_aquarium, aquarium_bridge_square [aquarium_subvault_wall,
          aquarium_subvault_wall, aquarium_subvault_bridge,
          aquarium_subvault_bridge], aquarium_window_corridor_3,
          aquarium_window_1, aquarium_window_fake, aquarium_view_2a,
          aquarium_view_2d, aquarium_pool_five

Skill      XL: |  1  2  3  4  5 |
---------------+----------------+-----
Spellcasting   | 2 3 4 |  4.2
Conjurations   | 1 2 |  2.5
Fire Magic     | 2 3 |  3.0
Fighting       | |  1.1
Dodging        | |  1.2
Stealth        | |  1.0
Translocations | |  6.0

Action                     |  1- 3 |  4- 6 || total
---------------------------+-------+-------++-------
  Melee: Club              |    41 |    17 ||    58
   Cast: Foxfire           |    39 |    37 ||    76
 Armour: Robe              |    16 |     8 ||    24
  Dodge: Dodged            |    15 |    16 ||    31

Table legend: (Time is in decaauts)
 A = Elapsed time spent in this place.
 B = Non-inter-level travel time spent in this place.
 C = Inter-level travel time spent in this place.
 D = Time resting spent in this place.
 E = Time spent auto-exploring this place.
 F = Levels seen in this place.
 G = Mean time per level.
                   A        B        C        D        E       F      G
               +--------+--------+--------+--------+--------+-----+--------+
         Total |    924 |    874 |     50 |      0 |    553 |   4 |  231.0 |
       Dungeon |    924 |    874 |     50 |      0 |    553 |   4 |  231.0 |
               +--------+--------+--------+--------+--------+-----+--------+

Top non-repeatable levels by time:
     D:1: 332 daAuts
     D:2: 328 daAuts
     D:3: 214 daAuts
     D:4: 49 daAuts
